 Dungeon Crawl Stone Soup version 0.29.0-4-gdea44cf6ec (webtiles) character file.

Game seed: 12473657048033193437

17 qw the Sneak (level 2, -4/19 HPs)
             Began as a Gargoyle Delver on Sept 10, 2022.
             Slain by an ogre
             ... wielding a +0 giant club
              (23 damage)
             ... on level 4 of the Dungeon.
             The game lasted 00:00:04 (324 turns).

qw the Sneak (Gargoyle Delver)                       Turns: 324, Time: 00:00:05

Health: -4/19      AC:  5    Str: 15    XL:     2   Next: 62%
Magic:  2/2        EV: 11    Int: 10    God:
Gold:   4          SH:  0    Dex: 11    Spells: 1/1 levels left

rFire   . . .      SeeInvis .   a - +0 hand axe
rCold   . . .      Faith    .   (no shield)
rNeg    + . .      Spirit   .   b - +0 leather armour
rPois   inf        Reflect  .   (no helmet)
rElec   +          Harm     .   (no cloak)
rCorr   .          Rampage  .   (no gloves)
Will    .....                   (no boots)
Stlth   +++.......              (no amulet)
HPRegen 0.06/turn               (no ring)
MPRegen 0.08/turn               (no ring)

@: no status effects
A: sickness immunity, AC +2, negative energy resistance 1, electricity
resistance, torment resistance 1, petrification resistance
a: no special abilities


You were on level 4 of the Dungeon.
You visited 1 branch of the dungeon, and saw 2 of its levels.

You collected 4 gold pieces.


Innate Abilities, Weirdness & Mutations

You are immune to sickness and miasma.
Your stone body is resilient. (AC +2)
You are immune to poison.
You resist negative energy. (rN+)
You are resistant to electric shocks. (rElec)
You are resistant to unholy torment.
You are immune to petrification.


   Skills:
 - Level 3.2 Fighting
 + Level 2.8 Axes
 - Level 1.5 Dodging
 - Level 5.4 Stealth


You had one spell level left.
You didn't know any spells.
Your spell library was empty.

Inventory:

Hand Weapons
 a - a +0 hand axe (weapon)
 c - a +0 mace
Armour
 b - a +0 leather armour (worn)
Wands
 g - a wand of digging (3)
Potions
 f - a potion of haste

Dungeon Overview and Level Annotations

Branches:
Dungeon (5/15)
 Temple: D:4-7

Altars:


Message History

You throw a javelin. The javelin pierces through the goblin!
You kill the goblin!
Found a falchion.
h - 3 javelins
h - 4 javelins (gained 1)
An endoplasm comes into view.
Throw: 4 javelins
Press: ? - help, Q - select action Shift-Dir - straight line, f - endoplasm You throw a javelin.
The javelin pierces through the endoplasm.
The endoplasm quivers.
The endoplasm is lightly wounded.
Throw: 3 javelins
Press: ? - help, Q - select action Shift-Dir - straight line, f/p - endoplasm You throw a javelin.
The javelin pierces through the endoplasm.
The endoplasm is severely wounded.
Throw: 2 javelins
Press: ? - help, Q - select action Shift-Dir - straight line, f/p - endoplasm You throw a javelin.
The javelin pierces through the endoplasm.
You kill the endoplasm!
An ogre comes into view. It is wielding a +0 giant club.
Found 10 gold pieces.
The ogre shouts!
The ogre moves out of view.
An orc comes into view. It is wielding a +0 flail.
Throw: javelin
Press: ? - help, Q - select action Shift-Dir - straight line, f - ogre You throw a javelin.
The orc shouts!
The javelin pierces through the ogre.
The ogre is moderately wounded.
You hear a shout! x2
An orc priest comes into view. It is wielding a +0 short sword.
You hit the ogre.
The ogre is moderately wounded.
The ogre hits you with a +0 giant club!!
Ouch! That really hurt!
You die...

# #........#
###.>......# .#
..<.....######## .#
######........)#
.###### #.........#
...(... #)........#
....... #.........#
.......
#.........##O......
#..........@...(...
#.........##....$o.
#.........# ...o...
########### .....$.
.####.. .# # .# .#


You could see an ogre, an orc priest and an orc.

Vanquished Creatures
  An adder (D:4)
  2 orcs
  An endoplasm (D:4)
  A goblin (D:4)
  A kobold (D:4)
6 creatures vanquished.

Notes
Turn   | Place    | Note
-------+----------+-------------------------------------------
     0 | D:5      | qw the Gargoyle Delver began the quest for the Orb.
     0 | D:5      | Reached XP level 1. HP: 14/14 MP: 1/1
     0 | D:5      | 0 ||| qw: Version: 0.1-a-117-gfe26ee0
     0 | D:5      | 0 ||| qw: Game counter: 9570
     0 | D:5      | 0 ||| qw: Always use a shield: true
     0 | D:5      | 0 ||| qw: God list: Okawaru
     0 | D:5      | 0 ||| qw: Allow faded altars: false
     0 | D:5      | 0 ||| qw: Do Orc after D:15 true
     0 | D:5      | 0 ||| qw: Do second Lair branch before Depths: true
     0 | D:5      | 0 ||| qw: Lair rune preference: random
     0 | D:5      | 0 ||| qw: Plans: Normal
     0 | D:5      | 0 ||| PLANNING D:1-11
    91 | D:5      | 91 ||| DROPPING scroll of fog.
    92 | D:5      | 92 ||| DROPPING scroll of magic mapping.
    93 | D:5      | 93 ||| DROPPING scroll of fear.
   116 | D:4      | Reached XP level 2. HP: 9/19 MP: 2/2
   289 | D:4      | 289 ||| DROPPING +0 club.
   321 | D:4      | Noticed an ogre
   324 | D:4      | Slain by an ogre

Levels and vault maps discovered:
D:4:      layout_basic
D:5:      layout_loops_ring, grunt_temple_overflow_cloverleaf, serial_shops,
          nicolae_shop_stone, uniq_eustachio

Skill      XL: |  1 |
---------------+----+-----
Axes           | 2 |  2.8
Fighting       | |  3.2
Dodging        | |  1.5
Stealth        | |  5.4

Action                   || total
-------------------------++-------
Melee: Hand axe          ||    15
Throw: Javelin           ||    10
Armor: Leather armour    ||     6
Dodge: Dodged            ||    11

Table legend:
 A = Non-vault XP
 B = Vault XP
 C = Vault XP percentage of total XP
 D = Non-vault monster count
 E = Vault monster count
 F = Vault count percentage of total count
                 A         B        C        D         E       F
            +---------+---------+-------+---------+---------+-------
      Total |      25 |       0 |   0.0 |       6 |       0 |   0.0
            +---------+---------+-------+---------+---------+-------
        D:4 |      22 |       0 |   0.0 |       5 |       0 |   0.0
        D:5 |       3 |       0 |   0.0 |       1 |       0 |   0.0
            +---------+---------+-------+---------+---------+-------
